 Dungeon Crawl Stone Soup version 0.29-a0-92-gee772dd00f (webtiles) character file.

Game seed: 7688304722576228737

18 cyrus the Skirmisher (level 2, 0/25 HPs)
             Began as a Merfolk Fighter on Feb 9, 2022.
             Was a Follower of Sif Muna.
             Frozen to death by an endoplasm (5 damage)
             ... on level 2 of the Dungeon.
             The game lasted 00:02:56 (782 turns).

cyrus the Skirmisher (Merfolk Fighter)               Turns: 782, Time: 00:02:58

Health: 0/25       AC:  9    Str: 16    XL:     2   Next: 66%
Magic:  2/2        EV:  8    Int:  7    God:    Sif Muna [*.....]
Gold:   39         SH:  4    Dex: 13    Spells: 1/1 levels left

rFire   . . .      SeeInvis .   a - +0 trident
rCold   . . .      Faith    .   c - +0 buckler
rNeg    . . .      Spirit   .   b - +0 scale mail
rPois   .          Reflect  .   (no helmet)
rElec   .          Harm     .   (no cloak)
rCorr   .          Rampage  .   (no gloves)
Will    .....                   g - +2 pair of boots
Stlth   ..........              (no amulet)
HPRegen 0.08/turn               (no ring)
MPRegen 0.08/turn               (no ring)

@: mighty, lethally poisoned (0 -> -5)
A: (nimble swimmer 2), mertail
a: Renounce Religion, Channel Magic


You were on level 2 of the Dungeon.
You worshipped Sif Muna.
Sif Muna was aware of your devotion.
You visited 1 branch of the dungeon, and saw 2 of its levels.

You collected 39 gold pieces.

Inventory:

Hand Weapons
 a - a +0 trident (weapon)
Armour
 b - a +0 scale mail (worn)
 c - a +0 buckler (worn)
 g - a +2 pair of boots (worn)
Jewellery
 f - an amulet of faith
Scrolls
 h - a scroll of brand weapon {unknown}
 i - a scroll of amnesia {unknown}
Potions
 e - a potion of haste {unknown}


   Skills:
 + Level 3.7 Fighting
 + Level 3.3 Polearms
 + Level 2.2 Armour
 + Level 3.1 Shields
 + Level 0.5 Invocations


You had one spell level left.
You didn't know any spells.
Your spell library was empty.

Dungeon Overview and Level Annotations

Branches:
Dungeon (2/15)

Altars:
Sif Muna


Innate Abilities, Weirdness & Mutations

((You are very nimble when in or above water. (Stealth+, EV+, Speed+++)))
Your lower body shifts to a powerful aquatic tail in water.


Message History

An adder comes into view.
The goblin hits you with a +0 dagger.
The ball python bites you but does no damage.
The ball python constricts you. The goblin hits you but does no damage.
You barely miss the ball python.
The adder hisses angrily.
The ball python bites you but does no damage.
The ball python constricts you. The goblin hits you but does no damage.
The ball python barely misses you. The ball python constricts you.
You feel very mighty all of a sudden.
The ball python bites you but does no damage.
The ball python constricts you. The goblin hits you with a +0 dagger.
The kobold hits you but does no damage.
You hit the ball python.
You kill the ball python!
Sif Muna accepts your kill. The goblin hits you with a +0 dagger.
The kobold hits you but does no damage.
A goblin comes into view. It is wielding a +0 dagger.
You barely miss the kobold. The kobold closely misses you.
You block the goblin's attack. The kobold barely misses you.
The kobold hits you with a +0 dagger.
You hit the kobold.
You kill the kobold!
Sif Muna accepts your kill. The endoplasm freezes you.
You are frozen.
You block the goblin's attack. The kobold hits you but does no damage.
You block the endoplasm's attack.
You barely miss the adder. You block the adder's attack.
The goblin hits you with a +0 dagger. The kobold hits you but does no damage.
The adder bites you.
You are poisoned.
The adder poisons you! The endoplasm barely misses you.
You closely miss the adder.
* * * LOW HITPOINT WARNING * * *
You feel sick. The goblin hits you with a +0 dagger.
* * * LOW HITPOINT WARNING * * *
The adder bites you but does no damage. The kobold hits you but does no damage.
The endoplasm freezes you.
You are frozen.
You die...

#....# #...$# #....
#.#.# ######### #g#.#
........# ##...####
#######.######.JSK...#
................@#
##############.g.#
#.#.# #.#.# #.#.#
#.#.# #.... ###.#


You could see an adder, an endoplasm, 2 goblins and a kobold.

Vanquished Creatures
  An endoplasm (D:1)
  3 goblins (D:1)
  A hobgoblin (D:1)
  5 ball pythons
  3 frilled lizards (D:1)
  4 kobolds
  2 rats
19 creatures vanquished.

Notes
Turn   | Place    | Note
-------+----------+-------------------------------------------
     0 | D:1      | cyrus the Merfolk Fighter began the quest for the Orb.
     0 | D:1      | Reached XP level 1. HP: 18/18 MP: 1/1
    45 | D:1      | Noticed a floating eye
    47 | D:1      | Found a faded altar of an unknown god.
    49 | D:1      | Noticed a golden eye
    49 | D:1      | Noticed an eye of devastation
    49 | D:1      | Noticed a great orb of eyes
    55 | D:1      | Prayed at the altar of an unknown god.
    55 | D:1      | Became a worshipper of Sif Muna the Loreminder
    55 | D:1      | Reached * piety under Sif Muna
   209 | D:1      | Reached XP level 2. HP: 24/24 MP: 2/2
   782 | D:2      | Frozen to death by an endoplasm

Illustrated notes

Levels and vault maps discovered:
D:1:      amcnicky_arrival_blooded_trapdoor, layout_basic,
          hellmonk_ecumenical_altar_watching_god
D:2:      layout_loops_ring

Action                   || total
-------------------------++-------
Melee: Trident           ||    49
Invok: Channel Magic     ||     2
  Use: Potion            ||     1
Armor: Scale mail        ||    43
Dodge: Dodged            ||    28
Block: Buckler           ||    17

Table legend: (Time is in decaauts)
 A = Elapsed time spent in this place.
 B = Non-inter-level travel time spent in this place.
 C = Inter-level travel time spent in this place.
 D = Time resting spent in this place.
 E = Time spent auto-exploring this place.
 F = Levels seen in this place.
 G = Mean time per level.
                   A        B        C        D        E       F      G
               +--------+--------+--------+--------+--------+-----+--------+
         Total |    791 |    791 |      0 |      0 |    559 |   2 |  395.5 |
       Dungeon |    791 |    791 |      0 |      0 |    559 |   2 |  395.5 |
               +--------+--------+--------+--------+--------+-----+--------+

Top non-repeatable levels by time:
     D:1: 746 daAuts
     D:2: 44 daAuts
